 Dungeon Crawl Stone Soup version 0.18.1-50-g88ac8fd (webtiles) character file.

28511 Amnesiac the Covert (level 13, -29/103 HPs)
             Began as a Merfolk Fighter on Mar 7, 2018.
             Was a High Priest of Pakellas.
             Annihilated by a frost giant
             ... wielding a +1 battleaxe of freezing
              (31 damage)
             ... in an ice cave.
             The game lasted 00:55:15 (16294 turns).

Amnesiac the Covert (Merfolk Fighter)              Turns: 16294, Time: 00:55:16

Health: -29/103    AC: 18    Str: 23    XL:     13   Next: 39%
Magic:  13/19      EV: 17    Int:  6    God:    Pakellas [*****.]
Gold:   368        SH:  6    Dex: 25    Spells: 2 memorised, 8 levels left

rFire  + . .     SeeInvis .     O - +7 rapier "Rileaplom" {speed, rElec}
rCold  + . .     Gourm    +     P - +1 chain mail {rPois}
rNeg   . . .     Faith    .     C - +0 buckler
rPois  +         Spirit   .     A - +0 helmet of Miracles {rElec Dex+10 Slay-5 Stlth+} (curse)
rElec  +         Dismiss  .     (no cloak)
rCorr  .         Reflect  .     (no gloves)
SustAt .         Harm     .     h - +2 pair of boots
MR     .....                    G - amulet of the gourmand
Stlth  +++.......               t - ring of protection from fire
                                J - ring of protection from cold

@: not resistant to hostile enchantments, fairly stealthy
A: change form in water, swift swim, clever 1, shaggy fur 1
a: Quick Charge, Device Surge, Renounce Religion


You were in an ice cave.
You worshipped Pakellas.
Pakellas was extremely pleased with you.
You were completely stuffed.

You visited 2 branches of the dungeon, and saw 15 of its levels.
You also visited: Ice Cave.

You collected 1132 gold pieces.
You spent 620 gold pieces at shops.

Inventory:

Hand Weapons
 i - a +0 blowgun
 w - a +1 hand axe of flaming
 O - the +7 rapier "Rileaplom" (weapon) {speed, rElec}
   (You found it on level 6 of the Dungeon)

   Attacks with this weapon are significantly faster.
   It insulates you from electricity.
Missiles
 j - 7 curare-tipped needles
 l - 79 poisoned needles
 m - 4 needles of confusion
 D - 2 throwing nets (quivered)
Armour
 c - a +0 shield
 h - a +2 pair of boots (worn)
 A - the cursed +0 helmet of Miracles (worn) {rElec Dex+10 Slay-5 Stlth+}
   (You found it on level 13 of the Dungeon)

   It affects your dexterity (+10).
   It affects your accuracy and damage with ranged weapons and melee attacks
   (-5).
   It insulates you from electricity.
   It makes you more stealthy.
   It has a curse placed upon it.
 C - a +0 buckler (worn)
 H - a +1 helmet
 M - a +2 plate armour of magic resistance
 P - a +1 chain mail of poison resistance (worn)
 U - a +0 ice dragon armour
Rods
 Z - a +8 rod of ignition (11/11)
   (Pakellas gifted it to you on level 9 of the Dungeon)
Jewellery
 t - a ring of protection from fire (right hand)
 G - an amulet of the gourmand (around neck)
 J - a ring of protection from cold (left hand)
Wands
 k - a wand of disintegration (17/24)
 v - a wand of confusion (22/48)
 I - a wand of paralysis (10/24)
 K - a wand of flame (0/48)
Scrolls
 e - a scroll of fog {!r}
 o - 13 scrolls of remove curse {!r}
 r - 3 scrolls of magic mapping {!r}
 u - 2 scrolls of amnesia {!r}
 z - 2 scrolls of enchant weapon {!r}
 L - 4 scrolls of teleportation {!r}
 R - 3 scrolls of recharging {!r}
Potions
 d - 2 potions of might {!q}
 p - 4 potions of mutation {!q}
 q - 4 potions of curing {!q}
 s - 4 potions of magic {!q}
 B - 2 potions of resistance {!q}
 E - 4 potions of cancellation {!q}
 F - 2 potions of haste {!q}
 N - 2 potions of brilliance {!q}
 V - a potion of flight {!q}
 X - a potion of invisibility {!q}
Miscellaneous
 a - an ornate deck of defence {drawn: 4}
 y - a phantom mirror
 Q - a disc of storms
 T - a lamp of fire (inert)
Comestibles
 f - 10 bread rations
 n - 7 fruits
 x - 5 meat rations
 S - 8 beef jerkies


   Skills:
 - Level 10.0 Fighting
 - Level 8.0 Short Blades
 - Level 10.1 Armour
 - Level 10.0 Dodging
 - Level 11.0 Stealth
 + Level 4.0 Shields
 - Level 9.0 Evocations


You had 8 spell levels left.
You knew the following spells:

 Your Spells              Type           Power        Failure   Level  Hunger
a - Repel Missiles        Chrm/Air       #.....       100%        2    ###....
v - Blink                 Tloc           N/A          100%        2    ###....


Dungeon Overview and Level Annotations

Branches:
Dungeon (14/15)            Temple (1/1) D:4            Lair (0/8) D:9
    Orc (0/2) D:10
 Vaults: D:13-14

Altars:
Ashenzari
Cheibriados
Dithmenos
Elyvilon
Fedhas
Gozag
Kikubaaqudgha
Makhleb
Nemelex Xobeh
Okawaru
Pakellas
Qazlal
Ru
Sif Muna
Trog
Vehumet
Xom
Yredelemnul
Zin
The Shining One

Shops:
D:4 *   D:7 }   D:8 [

Portals:
Trove: D:10 (give 8 potions of agility)


Innate Abilities, Weirdness & Mutations

You revert to your normal form in water.
You are very nimble and swift while swimming.
Your mind is acute. (Int +2)
You are covered in fur (AC +1).


Message History

The frost giant casts a spell at you. The bolt of cold hits you! You resist.
Evoke which item? (* to show all) (? for menu, Esc to quit)
The disc erupts in an explosion of electricity!
The orb of electricity explodes!
The orb of electricity engulfs you! You resist.
The orb of electricity explodes!
The orb of electricity engulfs the frost giant.
The frost giant is heavily wounded.
The orb of electricity engulfs you! You resist.
You hear a bellow!
You hear a howl!
Evoke which item? (* to show all) (? for menu, Esc to quit)
Nothing appears to happen.
The frost giant points at you and mumbles some strange words.
The bolt of cold hits you! You resist.
* * * LOW HITPOINT WARNING * * *
Evoke which item? (* to show all) (? for menu, Esc to quit)
That item cannot be evoked!
Evoke which item? (* to show all) (? for menu, Esc to quit)
The disc erupts in an explosion of electricity!
The zap hits the frost giant.
The frost giant is heavily wounded.
The zap hits the frost giant.
The frost giant is heavily wounded.
The orb of electricity explodes!
You hear a howl!
The frost giant hits you but does no damage.
Evoke which item? (* to show all) (? for menu, Esc to quit)
The disc erupts in an explosion of electricity!
The orb of electricity explodes!
The orb of electricity engulfs you! You resist.
* * * LOW HITPOINT WARNING * * *
The orb of electricity engulfs the frost giant.
The frost giant is severely wounded.
You hear a mighty clap of thunder!
The bolt of lightning hits the frost giant.
The frost giant is almost dead.
You hear a bellow!
You hear a howl!
The frost giant hits you with a battleaxe of freezing!!
* * * LOW HITPOINT WARNING * * *
The frost giant freezes you.
* * * LOW HITPOINT WARNING * * *
Drink which item? (? for menu, Esc to quit)
Okay, then.
Read which item? (? for menu, Esc to quit)
Okay, then.
Drink which item? (? for menu, Esc to quit)
Okay, then.
Evoke which item? (* to show all) (? for menu, Esc to quit)
Zapping:
k - a wand of disintegration (19/24)
Press: ? - help, Shift-Dir - straight line, f/p - frost giant
Aim: a frost giant, wielding a battleaxe of freezing (almost dead, chance to defeat MR: 38%)
The frost giant resists with some effort.
This wand has 18 charges left.
The frost giant points at you and mumbles some strange words.
The bolt of cold misses you.
Evoke which item? (* to show all) (? for menu, Esc to quit)
Zapping:
k - a wand of disintegration (18/24)
Press: ? - help, Shift-Dir - straight line, f/p - frost giant
Aim: a frost giant, wielding a battleaxe of freezing (almost dead, chance to defeat MR: 38%)
The frost giant resists with some effort.
This wand has 17 charges left.
The frost giant hits you with a battleaxe of freezing!!
You die...
Pakellas says: Back to the drawing board!

##### ######## #...####
####....÷.##
#...#.≈..####.....#....####
.....
###...#....#######.†..##


hC.. ###.C@.### ####... hYY ###### ###. hh ## # ### ###.. ##...# You could see a
frost giant.

Vanquished Creatures
  Maud (D:10)
  A salamander stormcaller (D:13)
  An ice dragon (D:14)
  2 hydras
  An unseen horror (D:12)
  Pikel (D:7)
  2 hill giants (D:13)
  A deep elf mage (D:13)
  An ugly thing (D:11)
  A manticore (D:11)
  A cyclops (D:11)
  4 salamanders (D:13)
  3 gargoyles
  2 komodo dragons
  A troll (D:13)
  A troll (shapeshifter) (D:14)
  15 polar bears
  Prince Ribbit (D:7)
  The ghost of Amnesiac the Cutter, an amateur DEFi (D:3)
  5 hogs (D:14)
  24 yaks
  A wraith (D:13)
  A basilisk (D:13)
  A hippogriff (D:13)
  A hungry ghost (D:13)
  3 vampire mosquitoes (D:13)
  2 mottled dragons (D:11)
  2 ice beasts
  5 orc warriors
  3 ogres
  A necrophage (D:8)
  2 phantoms
  A black bear (D:11)
  2 eyes of draining
  7 centaurs
  A slave (D:7)
  7 wolves (IceCv)
  5 big kobolds
  5 giant frogs
  A gnoll sergeant (D:10)
  3 scorpions
  5 killer bees (D:11)
  4 wights (D:10)
  3 howler monkeys
  4 crimson imps
  A quasit (D:10)
  2 giant frog zombies
  4 hounds
  2 centaur zombies
  3 giant frog skeletons
  9 jellies
  17 orc wizards
  A gnoll shaman (D:6)
  13 orc priests
  2 iguanas
  4 centaur skeletons
  8 worker ants
  A killer bee zombie (D:6)
  A hound zombie (D:5)
  A hound skeleton (D:6)
  Robin (D:2)
  A worker ant zombie (D:7)
  8 gnolls
  12 adders
  2 shadow imps (D:10)
  2 oozes
  An adder skeleton (D:4)
  3 worms
  7 giant geckos
  55 orcs
  2 ball pythons
  6 giant cockroaches
  17 hobgoblins
  10 jackals
  12 kobolds
  4 quokkas
  8 bats
  10 giant newts
  19 goblins
  11 rats
400 creatures vanquished.

Vanquished Creatures (collateral kills)
  Kirke (D:14)
  An unseen horror (D:12)
  A centaur zombie (D:14)
  An ice statue (IceCv)
  2 polar bears (D:14)
  A wyvern (D:14)
  2 yaks (D:14)
  2 vampire mosquitoes (D:14)
  2 slaves (D:7)
  A wolf (D:14)
  5 killer bees (D:12)
  A jelly (D:14)
20 creatures vanquished.

Vanquished Creatures (others)
  A naga mage (D:14)
  A cyclops (D:13)
  A two-headed ogre (D:13)
  A polar bear (D:14)
  3 water elementals (D:13)
  2 centaurs (D:13)
  A crimson imp (D:7)
  A hobgoblin (D:1)
  3 plants (D:9)
14 creatures vanquished.

Grand Total: 434 creatures vanquished

Notes
Turn   | Place    | Note
--------------------------------------------------------------
     0 | D:1      | Amnesiac the Merfolk Fighter began the quest for the Orb.
     0 | D:1      | Reached XP level 1. HP: 18/18 MP: 1/1
    85 | D:2      | Reached XP level 2. HP: 22/24 MP: 2/2
   165 | D:2      | Noticed a fire elemental
   167 | D:2      | Found a stormy altar of Qazlal.
   168 | D:2      | Noticed an earth elemental
   168 | D:2      | Noticed an air elemental
   168 | D:2      | Noticed a water elemental
   190 | D:2      | Found a blossoming altar of Fedhas.
   380 | D:2      | Reached XP level 3. HP: 21/29 MP: 3/3
   612 | D:3      | Reached skill level 1 in Evocations
   768 | D:3      | You fall through a shaft for 2 floors!
   768 | D:5      | Entered Level 5 of the Dungeon
   853 | D:4      | Found a staircase to the Ecumenical Temple.
   862 | Temple   | Entered the Ecumenical Temple
   905 | Temple   | Became a worshipper of Pakellas the Inventive
   995 | D:4      | Reached XP level 4. HP: 15/35 MP: 3/5
  1758 | D:1      | Reached * piety under Pakellas
  1758 | D:1      | Received a gift from Pakellas
  2428 | D:2      | Noticed Robin
  2461 | D:2      | Reached XP level 5. HP: 17/41 MP: 5/7
  2479 | D:2      | Reached ** piety under Pakellas
  2479 | D:2      | Received a gift from Pakellas
  2709 | D:2      | Killed Robin
  3025 | D:2      | Found a sacrificial altar of Ru.
  3379 | D:3      | Found an ancient bone altar of Kikubaaqudgha.
  3417 | D:3      | Reached skill level 5 in Short Blades
  3473 | D:3      | Noticed Amnesiac's ghost (amateur DEFi)
  3515 | D:3      | Killed Amnesiac's ghost
  3515 | D:3      | Reached XP level 6. HP: 36/47 MP: 8/8
  3969 | D:4      | Found Vonocs's General Store.
  3979 | D:4      | Bought a potion of heal wounds for 60 gold pieces
  3979 | D:4      | Bought a throwing net for 36 gold pieces
  3979 | D:4      | Bought a potion of cancellation for 96 gold pieces
  4127 | D:4      | Bought a scroll of remove curse for 36 gold pieces
  4539 | D:5      | Reached XP level 7. HP: 41/52 MP: 9/9
  4553 | D:5      | Reached *** piety under Pakellas
  4553 | D:5      | Received a gift from Pakellas
  5196 | D:6      | Got an ebony short sword
  5225 | D:6      | Reached skill level 5 in Evocations
  5532 | D:6      | Reached XP level 8. HP: 58/58 MP: 12/12
  5971 | D:6      | Got a dazzling rapier
  5976 | D:6      | Identified the +8 short sword of Eredeed {vamp, MP+9 Dex+3} (You found it on level 6 of the Dungeon)
  5977 | D:6      | Identified the +7 rapier "Rileaplom" {speed, rElec} (You found it on level 6 of the Dungeon)
  6388 | D:6      | Reached **** piety under Pakellas
  6388 | D:6      | Received a gift from Pakellas
  6577 | D:6      | Found an opulent altar of Gozag.
  6714 | D:7      | Noticed Prince Ribbit
  6722 | D:7      | Killed Prince Ribbit
  6783 | D:7      | Found Epifuana's Gadget Emporium.
  6974 | D:7      | Found a glowing silver altar of Zin.
  7085 | D:7      | Noticed Pikel
  7101 | D:7      | Killed Pikel
  7101 | D:7      | Reached skill level 5 in Stealth
  7101 | D:7      | Reached XP level 9. HP: 13/64 MP: 11/15
  7567 | D:8      | Reached skill level 6 in Stealth
  7654 | D:8      | Found a sparkling altar of Nemelex Xobeh.
  7690 | D:8      | Got a fine scale mail
  7720 | D:8      | Identified the +3 scale mail of Ysou {Dex+3} (You found it on level 8 of the Dungeon)
  7728 | D:8      | Found Pukid's Antique Armour Shop.
  7764 | D:8      | Found an iron altar of Okawaru.
  7778 | D:8      | Reached skill level 7 in Stealth
  7790 | D:8      | Found a deep blue altar of Sif Muna.
  7790 | D:8      | Found a shadowy altar of Dithmenos.
  7790 | D:8      | Found a basalt altar of Yredelemnul.
  7795 | D:8      | Found a shimmering altar of Xom.
  7823 | D:8      | Gained mutation: You are covered in fur (AC +1). [potion of beneficial mutation]
  8115 | D:9      | Reached skill level 8 in Stealth
  8165 | D:9      | Reached skill level 9 in Stealth
  8298 | D:9      | Reached ***** piety under Pakellas
  8298 | D:9      | Received a gift from Pakellas
  8403 | D:9      | Reached XP level 10. HP: 70/70 MP: 16/16
  8422 | D:9      | Reached skill level 10 in Stealth
  8482 | D:9      | Found a staircase to the Lair.
  8988 | D:10     | Entered Level 10 of the Dungeon
  9022 | D:10     | Reached skill level 11 in Stealth
  9041 | D:10     | Reached skill level 1 in Dodging
  9148 | D:10     | Found a portal to a secret trove of treasure.
  9376 | D:10     | Reached skill level 5 in Dodging
  9390 | D:10     | Noticed a gargoyle
  9399 | D:10     | Killed a gargoyle
  9619 | D:10     | Found a staircase to the Orcish Mines.
  9840 | D:11     | Noticed Maud
 10657 | D:10     | Killed Maud
 10657 | D:10     | Reached XP level 11. HP: 75/75 MP: 5/17
 10711 | D:10     | Reached skill level 10 in Dodging
 10735 | D:10     | Reached skill level 5 in Fighting
 11110 | D:11     | Noticed a cyan ugly thing
 11114 | D:11     | Killed a cyan ugly thing
 11257 | D:11     | Noticed a cyclops
 11320 | D:11     | Killed a cyclops
 11379 | D:11     | Got a bloodstained mace {flame}
 11413 | D:11     | Noticed a manticore
 11423 | D:11     | Killed a manticore
 11440 | D:11     | Gained mutation: Your mind is acute. (Int +2) [potion of beneficial mutation]
 11691 | D:11     | Reached skill level 10 in Fighting
 12330 | D:7      | Bought a plain deck of wonders for 196 gold pieces
 12330 | D:7      | Bought a plain deck of wonders for 196 gold pieces
 12338 | D:7      | Drew Focus: Str increased to 20, Int decreased to 6
 12343 | D:7      | Drew Focus: Str increased to 21, Int decreased to 5
 12346 | D:7      | Drew Focus: Str increased to 22, Int decreased to 4
 12422 | D:7      | Hired Zelechad the naga for 144 gold.
 12718 | D:12     | Learned a level 2 spell: Repel Missiles
 12721 | D:12     | Learned a level 2 spell: Blink
 12758 | D:12     | Killed an unseen horror
 13012 | D:12     | Killed an unseen horror
 13258 | D:12     | Noticed a seven-headed hydra
 13271 | D:12     | Killed a seven-headed hydra
 13271 | D:12     | Reached XP level 12. HP: 97/97 MP: 9/18
 13723 | D:13     | Noticed a salamander stormcaller
 13733 | D:13     | Reached skill level 5 in Armour
 13806 | D:13     | Killed a salamander stormcaller
 14024 | D:13     | Got a crude helmet
 14135 | D:13     | Identified the cursed +0 helmet of Miracles {rElec Dex+10 Slay-5 Stlth+} (You found it on level 13 of the Dungeon)
 14391 | D:13     | Noticed an eight-headed hydra
 14463 | D:13     | HP: 2/97 [orc priest/divine providence (16)]
 14535 | D:13     | Killed a five-headed hydra
 14978 | D:14     | Noticed Kirke
 14983 | D:14     | Identified a +8 rod of ignition (11/11) (Pakellas gifted it to you on level 9 of the Dungeon)
 15054 | D:14     | Killed Kirke
 15054 | D:14     | Reached XP level 13. HP: 80/103 MP: 19/19
 15263 | D:14     | Found a frozen archway.
 15265 | D:14     | Noticed an ice dragon
 15279 | D:14     | Reached ****** piety under Pakellas
 15313 | D:14     | Your ally Zelechad died
 15331 | D:14     | Killed an ice dragon
 15635 | IceCv    | Entered an ice cave
 15879 | IceCv    | Reached skill level 10 in Armour
 16274 | IceCv    | Noticed a frost giant
 16292 | IceCv    | HP: 2/103 [frost giant/battleaxe of freezing (28)]
 16294 | IceCv    | Annihilated by a frost giant

Skill      XL: |  1  2  3  4  5  6  7  8  9 10 11 12 13 |
---------------+----------------------------------------+-----
Short Blades   | 3 4 6 7 8 |  8.0
Evocations     | 1 2 3 6 9 |  9.0
Stealth        | 5 9 11 | 11.0
Dodging        | 9 10 | 10.0
Fighting       | 10 | 10.0
Armour         | 4 9 10 | 10.1
Shields        | 4 |  4.0

Action                   |  1- 3 |  4- 6 |  7- 9 | 10-12 | 13-15 || total
-------------------------+-------+-------+-------+-------+-------++-------
Melee: Rapier            |   118 |   170 |    91 |   259 |   188 ||   826
       Dagger            |       |   159 |   260 |       |       ||   419
       Short sword       |       |       |   134 |   493 |       ||   627
       Hand axe          |       |       |       |     8 |       ||     8
       Unarmed           |       |       |       |     4 |       ||     4
Throw: Throwing net      |       |       |       |     1 |       ||     1
Invok: Quick Charge      |       |       |     3 |    16 |     5 ||    24
       Device Surge      |       |       |       |     4 |       ||     4
Evoke: Wand              |       |     8 |    13 |    99 |    23 ||   143
       Disc of storms    |       |       |     8 |     1 |    11 ||    20
       Deck              |       |       |       |    27 |       ||    27
       Rod               |       |       |       |     1 |       ||     1
       Lamp of fire      |       |       |       |       |     1 ||     1
  Use: Scroll            |       |       |     7 |    18 |     2 ||    27
       Potion            |       |       |     1 |    10 |     1 ||    12
 Stab: Confused          |       |     6 |     5 |    13 |    14 ||    38
       Paralysed         |       |       |     7 |    22 |     1 ||    30
       Sleeping          |       |       |     1 |    14 |     1 ||    16
       Held in net/web   |       |       |       |     3 |       ||     3
       Distracted        |       |       |       |     2 |     2 ||     4
       Invisible         |       |       |       |     7 |       ||     7
  Eat: Chunk             |       |    15 |    31 |    37 |     5 ||    88
Armor: Scale mail        |    52 |   113 |   116 |    83 |       ||   364
       Chain mail        |       |       |       |   114 |    91 ||   205
       Plate armour      |       |       |       |     9 |       ||     9
Dodge: Dodged            |    33 |    61 |    79 |   252 |   162 ||   587
Block: Shield            |    58 |   102 |   160 |   272 |       ||   592
       Buckler           |       |       |       |       |    61 ||    61
